 Dungeon Crawl Stone Soup version 0.27-a0-860-gaf99fae3ca (webtiles) character file.

Game seed: 1881786553109061630

6001 rocky1 the Blocker (level 10, -1/60 HPs)
             Began as a Gargoyle Fighter on Apr 2, 2021.
             Was an Elder of Okawaru.
             Slain by a shadow (18 damage)
             ... on level 10 of the Dungeon.
             The game lasted 00:24:31 (9047 turns).

rocky1 the Blocker (Gargoyle Fighter)               Turns: 9047, Time: 00:24:32

Health: -1/60      AC: 20    Str: 22    XL:     10   Next: 85%
Magic:  13/13      EV: 19    Int:  9    God:    Okawaru [****..]
Gold:   425        SH: 12    Dex: 10    Spells: 9/9 levels left

rFire    . . .     SeeInvis .   a - +1 mace (holy)
rCold    + . .     Faith    .   c - +0 kite shield
rNeg     + . .     Spirit   .   r - +3 ring mail {rC+}
rPois    ∞         Reflect  .   w - +0 helmet
rElec    +         Harm     .   j - +0 cloak
rCorr    .         Rampage  .   (no gloves)
Will     .....                  G - +0 pair of boots
Stlth    ..........             (no amulet)
HPRegen  0.20/turn              x - +4 ring of evasion
MPRegen  0.13/turn              v - +4 ring of evasion

@: no status effects
A: AC +7, negative energy resistance 1, electricity resistance, torment
resistance 1, unbreathing 1, petrification resistance
a: Renounce Religion, Heroism


You were on level 10 of the Dungeon.
You worshipped Okawaru.
Okawaru was greatly pleased with you.
You visited 2 branches of the dungeon, and saw 10 of its levels.
You also visited: Ossuary.

You collected 425 gold pieces.

Inventory:

Hand Weapons
 a - a +1 mace of holy wrath (weapon)
 b - a +0 vorpal hunting sling
 m - a +2 whip of electrocution
 y - a +5 whip
 z - a +1 flail of draining
Missiles
 f - 74 sling bullets
 h - 6 javelins (quivered)
Armour
 c - a +0 kite shield (worn)
 j - a +0 cloak (worn)
 r - a +3 ring mail of cold resistance (worn)
 w - a +0 helmet (worn)
 G - a +0 pair of boots (worn)
Jewellery
 v - a +4 ring of evasion (right hand)
 x - a +4 ring of evasion (left hand)
Wands
 g - a wand of charming (10)
 p - a wand of digging (4)
 s - a wand of flame (16)
 C - a wand of acid (20)
Scrolls
 e - 6 scrolls of teleportation
 u - a scroll of amnesia {unknown}
 B - 3 scrolls of enchant armour
 D - 2 scrolls of immolation
 E - 2 scrolls of magic mapping
 F - 2 scrolls of identify
 I - a scroll of fear {unknown}
 K - a scroll of noise {unknown}
Potions
 d - 3 potions of might
 i - a potion of magic
 k - a potion of flight
 l - 2 potions of mutation
 n - a potion of brilliance
 o - a potion of ambrosia
 q - 5 potions of curing
 t - a potion of cancellation
 A - 3 potions of haste
 H - a potion of lignification {unknown}
 J - a potion of heal wounds


   Skills:
 - Level 6.0 Fighting
 + Level 9.5 Maces & Flails
 - Level 5.9 Armour
 - Level 3.5 Dodging
 + Level 10.7 Shields
 - Level 4.7 Invocations


You had 9 spell levels left.
You didn't know any spells.
Your spell library contained the following spells:

 Spells                   Type           Power      Damage    Failure   Level
 Animate Skeleton         Necr           0%         N/A       73%         1
 Apportation              Tloc           0%         N/A       73%         1
 Corona                   Hex            0%         N/A       73%         1
 Foxfire                  Conj/Fire      0%         2x1d4     73%         1
 Summon Small Mammal      Summ           0%         N/A       73%         1
 Conjure Flame            Conj/Fire      0%         6-21      97%         3
 Inner Flame              Hex/Fire       0%         N/A       97%         3
 Sticky Flame             Conj/Fire      0%         2d3       100%        4
 Fireball                 Conj/Fire      0%         3d3       100%        5


Dungeon Overview and Level Annotations

Branches:
Dungeon (8/15)             Temple (1/1) D:5         Ossuary (visited)
   Lair: D:8-11

Altars:
Ashenzari
Elyvilon
Gozag
Hepliaklqana
Kikubaaqudgha
Makhleb
Nemelex Xobeh
Okawaru
Qazlal
Ru
Sif Muna
Trog
Uskayaw
Vehumet
Wu Jian
Xom
Yredelemnul
Zin
The Shining One


Innate Abilities, Weirdness & Mutations

Your stone body is resilient. (AC +7)
You are immune to poison.
You resist negative energy. (rN+)
You are resistant to electric shocks. (rElec)
You are resistant to unholy torment.
You can survive without breathing.
You are immune to petrification.


Message History

The yak is severely wounded.
You block the yak's attack.
You hit the yak.
The yak is severely wounded.
The yak barely misses you.
You hit the yak but do no damage.
The yak is severely wounded.
The yak misses you.
You hit the yak but do no damage.
The yak is severely wounded.
The yak gores you!
You hit the yak but do no damage.
The yak is severely wounded.
The yak gores you but does no damage.
You hit the yak.
The yak is almost dead.
You block the yak's attack.
You barely miss the yak.
The yak is almost dead.
The yak closely misses you.
You hit the yak.
You kill the yak!
Okawaru accepts your kill.
You hit something but do no damage.
The shadow strikes at you from the darkness!
* * * LOW HITPOINT WARNING * * *
Reactivating autopickup.
You hit the shadow but do no damage. The shadow hits you.
You hit the shadow but do no damage. You block the shadow's attack.
You sock the shadow!
The shadow convulses.
The shadow is moderately damaged.
You block the shadow's attack.
You hit the shadow but do no damage.
The shadow is moderately damaged.
The shadow slips into darkness.
The shadow flickers and vanishes!
Deactivating autopickup; reactivate with Ctrl-A.
You hit something.
The shadow strikes at you from the darkness!
You die...

≈≈≈≈≈≈≈≈.≈≈≈≈≈≈≈≈≈≈≈≈≈≈≈≈≈≈≈≈≈
≈≈≈≈≈≈≈≈≈≈≈≈≈≈≈≈≈≈≈≈≈≈≈≈≈≈≈≈≈#
≈≈≈≈≈≈≈≈≈≈≈≈≈≈≈≈≈≈≈≈≈≈≈≈≈≈≈≈≈#
.≈≈≈≈≈≈≈≈≈≈≈≈≈≈≈≈≈≈≈≈≈≈≈≈..≈#.
#.###≈Y≈≈≈≈≈≈≈≈≈######≈.#...#.
#.≈≈≈≈≈####≈# ##.#...#.
YYYY..#Y≈#### ####### ......
#####.#[###.##....... ##. $#
#.#.###.{@.......
..#.....##....... # ####..#
....... #..# ....... #..#
..##### #..# #.. #... ..#
$..#. ..# #####


There were no monsters in sight!

Vanquished Creatures
  A two-headed ogre (D:7)
  A deep elf zephyrmancer (D:6)
  2 kobold demonologists
  A wyvern (D:6)
  9 yaks
  Menkaure (D:4)
  A water moccasin (D:6)
  An ice beast (D:6)
  2 black bears (D:7)
  A necrophage (D:6)
  An ogre (D:6)
  5 phantoms
  A kobold brigand (D:7)
  3 bullfrogs
  A wyvern zombie (D:7)
  3 scorpions
  4 water moccasin zombies (Ossuary)
  9 killer bees
  A howler monkey (D:5)
  4 electric eels (D:10)
  A bullfrog zombie (D:6)
  2 hounds
  Crazy Yiuf (D:4)
  A bullfrog skeleton (D:6)
  A jelly (D:8)
  A centaur skeleton (D:4)
  2 iguanas
  Natasha (thrice) (D:4)
  A killer bee zombie (D:7)
  3 mummies
  A howler monkey zombie (D:8)
  8 adders
  8 gnolls
  An adder skeleton (D:4)
  5 adder zombies (Ossuary)
  2 worms
  2 dart slugs
  An orc (D:6)
  6 ball pythons
  4 endoplasms
  3 giant cockroaches
  4 hobgoblins
  4 jackals
  4 quokkas
  8 bats
  4 frilled lizards
  9 goblins
  2 hobgoblin zombies (Ossuary)
  10 kobolds
  6 kobold zombies (Ossuary)
  7 orc zombies (Ossuary)
  4 rats
171 creatures vanquished.

Notes
Turn   | Place    | Note
-------+----------+-------------------------------------------
     0 | D:1      | rocky1 the Gargoyle Fighter began the quest for the Orb.
     0 | D:1      | Reached XP level 1. HP: 14/14 MP: 1/1
   119 | D:1      | Reached XP level 2. HP: 17/19 MP: 2/2
   678 | D:2      | Reached XP level 3. HP: 23/23 MP: 3/3
   716 | D:2      | Reached skill level 4 in Shields
   902 | D:2      | Found a hide-covered altar of Uskayaw.
  1208 | D:2      | Reached XP level 4. HP: 28/28 MP: 4/4
  1350 | D:2      | Found a faded altar of an unknown god.
  1635 | D:3      | Noticed a phantom
  1647 | D:3      | Killed a phantom
  1648 | D:3      | Reached skill level 5 in Shields
  1648 | D:3      | Reached XP level 5. HP: 29/32 MP: 5/5
  1826 | D:3      | Found an ancient bone altar of Kikubaaqudgha.
  1828 | D:3      | Found a shimmering blue altar of Sif Muna.
  1830 | D:3      | Found a radiant altar of Vehumet.
  1835 | D:3      | Identified Kikubaaqudgha's Disquisition on Unholy Arts
  1883 | D:3      | You fall into a shaft and drop 1 floor!
  2486 | D:4      | Reached XP level 6. HP: 34/37 MP: 6/6
  2607 | D:4      | Noticed Menkaure
  2616 | D:4      | Killed Menkaure
  2617 | D:4      | Reached skill level 5 in Maces & Flails
  2617 | D:4      | Reached skill level 6 in Shields
  2933 | D:4      | Noticed Natasha
  2948 | D:4      | Killed Natasha
  3176 | D:4      | Noticed Natasha
  3186 | D:4      | Killed Natasha
  3447 | D:4      | Found a runed translucent door.
  3448 | D:4      | Noticed Crazy Yiuf
  3457 | D:4      | Killed Crazy Yiuf
  3458 | D:4      | Reached XP level 7. HP: 41/41 MP: 7/7
  4003 | D:4      | Noticed Natasha
  4012 | D:4      | Killed Natasha
  4095 | D:5      | Entered Level 5 of the Dungeon
  4110 | D:5      | Reached skill level 7 in Shields
  4269 | D:5      | Found a staircase to the Ecumenical Temple.
  4319 | Temple   | Entered the Ecumenical Temple
  4418 | Temple   | Became a worshipper of Warmaster Okawaru
  4764 | D:5      | Found a sparkling altar of Nemelex Xobeh.
  5110 | D:6      | Reached skill level 1 in Invocations
  5110 | D:6      | Reached XP level 8. HP: 42/46 MP: 8/8
  5113 | D:6      | Found a sand-covered staircase.
  5121 | Ossuary  | Entered an ossuary
  5331 | Ossuary  | Reached skill level 1 in Dodging
  5388 | Ossuary  | Reached * piety under Okawaru
  5450 | Ossuary  | Identified the +2 robe of Seololi {rF- rN++ Regen+ SInv}
  5807 | D:6      | Found a basalt altar of Yredelemnul.
  5856 | D:6      | Reached skill level 8 in Shields
  5987 | D:6      | Noticed a deep elf zephyrmancer
  6026 | D:6      | Killed a deep elf zephyrmancer
  6026 | D:6      | Reached ** piety under Okawaru
  6027 | D:6      | Reached skill level 5 in Fighting
  6027 | D:6      | Reached XP level 9. HP: 25/54 MP: 11/11
  6271 | D:6      | Reached skill level 5 in Armour
  6487 | D:7      | Noticed a kobold demonologist
  6487 | D:7      | Noticed a kobold demonologist
  6501 | D:7      | Noticed a smoke demon
  6515 | D:6      | Noticed a red devil
  6519 | D:6      | Noticed a rust devil
  6523 | D:6      | Noticed a soul eater
  6530 | D:6      | Noticed a sixfirhy
  6536 | D:6      | HP: 2/54 [soul eater[a kobold demonologist] (11)]
  6538 | D:6      | Noticed a smoke demon
  6538 | D:6      | Killed a kobold demonologist
  6672 | D:7      | Noticed a rust devil
  6687 | D:7      | Killed a kobold demonologist
  6687 | D:7      | Reached *** piety under Okawaru
  6988 | D:7      | Reached XP level 10. HP: 53/60 MP: 13/13
  7026 | D:7      | Found a glowing silver altar of Zin.
  7026 | D:7      | Found a white marble altar of Elyvilon.
  7027 | D:7      | Found a glowing golden altar of the Shining One.
  7375 | D:7      | Reached skill level 9 in Shields
  7505 | D:7      | Noticed a two-headed ogre
  7527 | D:7      | Killed a two-headed ogre
  7527 | D:7      | Received a gift from Okawaru
  7948 | D:7      | Found a stormy altar of Qazlal.
  7964 | D:7      | Found a bloodstained altar of Trog.
  8095 | D:7      | Reached **** piety under Okawaru
  8355 | D:8      | Reached skill level 10 in Shields
  8540 | D:8      | You fall into a shaft and drop 2 floors!
  8540 | D:10     | Entered Level 10 of the Dungeon
  9047 | D:10     | Slain by a shadow

Illustrated notes

Levels and vault maps discovered:
D:1:      mrwooster_arrival_statue_2, layout_basic,
          chequers_serial_rivers_small_a
D:2:      layout_basic, basic_altar, ebering_ecumenical_altar_mist
D:3:      layout_basic, grunt_temple_overflow_magic_moments,
          grunt_decor_fettered, chequers_serial_rivers_large_a, st_stairs_11
D:4:      layout_basic, skrybe_limestone_x, small_statue_intersection,
          uniq_menkaure, uniq_crazy_yiuf_cottage, uniq_natasha
D:5:      layout_rooms, nemelex_diamond_rough_becter, minmay_temple_entry_glass
D:6:      layout_loops_cross, marbit_many_paths, gup_ossuary_entry_pyramid,
          guppyfry_early_elven_hall
D:7:      layout_loops_corners, good_gods_temple_1, lemuel_round_altar,
          kennysheep_mini
D:8:      layout_basic, slow_altar_1
D:10:     layout_basic, grunt_dithmenos_smoke, hiddenorc2_lemuel, uniq_urug
Temple:   nicolae_temple_figure_zero

Skill      XL: |  1  2  3  4  5  6  7  8  9 10 |
---------------+-------------------------------+-----
Shields        | 4 5 6 7 8 10 | 10.7
Maces & Flails | 3 4 5 6 7 9 |  9.5
Invocations    | 1 3 4 |  4.7
Dodging        | 2 3 |  3.5
Fighting       | 5 6 |  6.0
Armour         | 4 5 |  5.9

Action                   |  1- 3 |  4- 6 |  7- 9 | 10-12 || total
-------------------------+-------+-------+-------+-------++-------
Melee: Mace              |    96 |   124 |   433 |   246 ||   899
 Fire: Hunting sling     |     9 |    15 |     9 |    10 ||    43
  Use: Scroll            |       |     7 |     4 |     1 ||    12
       Potion            |       |       |     5 |     6 ||    11
Armor: Scale mail        |    77 |     4 |       |       ||    81
       Ring mail         |       |    46 |   122 |    65 ||   233
Dodge: Dodged            |    33 |    47 |   287 |   159 ||   526
Block: Kite shield       |    76 |    72 |   260 |   136 ||   544

Table legend: (Time is in decaauts)
 A = Elapsed time spent in this place.
 B = Non-inter-level travel time spent in this place.
 C = Inter-level travel time spent in this place.
 D = Time resting spent in this place.
 E = Time spent auto-exploring this place.
 F = Levels seen in this place.
 G = Mean time per level.
                   A        B        C        D        E       F      G
               +--------+--------+--------+--------+--------+-----+--------+
         Total |   9263 |   8767 |    496 |   1874 |   3883 |  11 |  842.1 |
       Dungeon |   8736 |   8250 |    486 |   1735 |   3765 |   9 |  970.7 |
        Temple |    164 |    154 |     10 |      0 |    118 |   1 |  164.0 |
       Ossuary |    362 |    362 |      0 |    139 |      0 |   1 |  362.0 |
               +--------+--------+--------+--------+--------+-----+--------+

Top non-repeatable levels by time:
     D:4: 1926 daAuts
     D:7: 1456 daAuts
     D:6: 1265 daAuts
     D:2: 880 daAuts
     D:5: 820 daAuts
     D:3: 746 daAuts
     D:1: 677 daAuts
    D:10: 511 daAuts
     D:8: 451 daAuts
 Ossuary: 362 daAuts
  Temple: 164 daAuts
